 Dungeon Crawl Stone Soup version 0.30.1-6-gbe392663c4 (webtiles) character file.

Game seed: 7402632143103736283

861 Ivernyr the Shield-Bearer (level 8, -4/62 HPs)
             Began as a Formicid Fighter on Sept 20, 2023.
             Slain by a cyclops (24 damage)
             ... on level 6 of the Dungeon.
             The game lasted 00:07:07 (3443 turns).

Ivernyr the Shield-Bearer (Formicid Fighter)        Turns: 3443, Time: 00:07:07

Health: -4/62      AC: 12    Str: 23    XL:     8   Next: 22%
Magic:  8/8        EV: 10    Int:  8    God:
Gold:   263        SH:  5    Dex: 13    Spells: 7/7 levels left

rFire   . . .        a - +0 quarterstaff
rCold   + . .        c - +0 buckler
rNeg    . . .        b - +2 ring mail {rC+}
rPois   .            (helmet unavailable)
rElec   .            (no cloak)
rCorr   .            (no gloves)
SInv    +            (no boots)
Will    .....        (no amulet)
Stlth   +            l - +4 ring of protection
HPRegen 0.30/turn    (no ring)
MPRegen 0.11/turn

%: no passive effects
@: no status effects
A: permanent stasis, dig shafts and tunnels, antennae 3, four strong arms
a: Dig, Shaft Self


You were on level 6 of the Dungeon.
You visited 1 branch of the dungeon, and saw 6 of its levels.

You collected 263 gold pieces.

Inventory:

Hand Weapons
 a - a +0 quarterstaff (weapon)
Missiles
 u - a throwing net
Armour
 b - a +2 ring mail of cold resistance (worn)
 c - a +0 buckler (worn)
Jewellery
 l - a +4 ring of protection (left hand)
Wands
 d - a wand of charming (2)
Scrolls
 e - a scroll of amnesia {unknown}
 f - 2 scrolls of enchant weapon {unknown}
 h - a scroll of fog {unknown}
 i - 5 scrolls of identify {unknown}
 k - a scroll of teleportation {unknown}
 m - a scroll of noise {unknown}
 n - a scroll of vulnerability {unknown}
 t - a scroll of silence {unknown}
 v - 2 scrolls of fear {unknown}
Potions
 g - 5 potions of curing {unknown}
 j - a potion of brilliance {unknown}
 o - a potion of resistance {unknown}
 p - a potion of lignification {unknown}
 q - a potion of cancellation {unknown}
 r - 2 potions of mutation {unknown}
 s - a potion of heal wounds {unknown}


   Skills:
 + Level 5.3 Fighting
 * Level 5.8 Staves
 + Level 5.3 Armour
 + Level 6.5 Shields


You had 7 spell levels left.
You didn't know any spells.
Your spell library contained the following spells:

 Spells                   Type           Power      Damage    Failure   Level
 Freeze                   Ice            0%         1d3       61%         1
 Frozen Ramparts          Ice            0%         1d1       93%         3
 Hailstorm                Conj/Ice       0%         3d3       93%         3
 Stone Arrow              Conj/Erth      0%         3d7       93%         3
 Animate Armour           Summ/Erth      0%         N/A       100%        4
 Manifold Assault         Tloc           0%         N/A       100%        4
 Storm Form               Tmut/Air       0%         N/A       100%        7
 Lehudib's Crystal Spear  Conj/Erth      0%         10d2      100%        8
 Blink                    Tloc           Unusable   N/A       N/A         2

Dungeon Overview and Level Annotations

Branches:
Dungeon (6/15)
 Temple: D:4-7

Altars:
Fedhas
Gozag
Kikubaaqudgha
Makhleb
The Shining One


Innate Abilities, Weirdness & Mutations

You cannot be hasted, slowed, berserked, paralysed or teleported.
You can dig through walls and to a lower floor.
You have a pair of large antennae on your head. (SInv)
Your four strong arms can wield two-handed weapons with a shield.


Message History

You hear the slow hiss of a very distant avalanche of sand.
HP restored.
Found an opulent altar of Gozag.
Found a stone staircase leading down.
There is a stone staircase leading down here.
You sense a monster nearby.
You hear the hiss of an avalanche of sand nearby.
Found a stone staircase leading down.
Found 6 stones.
Found an escape hatch in the floor.
A cyclops comes into view.
The cyclops shouts!
You sock the cyclops!
The cyclops is lightly wounded.
The cyclops hits you but does no damage.
You hit the cyclops but do no damage.
The cyclops is lightly wounded.
You hit the cyclops.
The cyclops is moderately wounded.
The cyclops hits you!!
You barely miss the cyclops.
The cyclops is moderately wounded.
You block the cyclops's attack.
You hit the cyclops but do no damage.
The cyclops is moderately wounded.
You block the cyclops's attack.
You hit the cyclops but do no damage.
The cyclops is moderately wounded.
You thump the cyclops!
The cyclops is heavily wounded.
The cyclops closely misses you.
You hit the cyclops.
The cyclops is heavily wounded.
The cyclops hits you!!
You thump the cyclops!
The cyclops is severely wounded.
You hit the cyclops.
The cyclops is severely wounded.
The cyclops hits you!!
You die...

#. ## #. ... #. ...
.....≈..#. ##.####.##
._.≈.≈.... ........#
...≈.§..#..####.......##
≈≈≈≈.≈§.#..#...C..>.....
.....§§.#..#.###@.##....
≈≈§≈≈≈..#..............>
........#.....##..###.#.
...>....#.....##..##
.#......#..........##.#
........................
##......#..........##.#.
........#..###.....# #
##.##...#..# #.#..##


You could see a cyclops.

Vanquished Creatures
  Sigmund (D:5)
  An ice beast (D:4)
  A black bear (D:4)
  2 scorpions
  4 hounds
  2 jellies
  2 iguanas
  Ijyb (D:5)
  6 adders
  2 ufetubi (D:5)
  A worm (D:5)
  2 dart slugs
  4 ball pythons
  8 endoplasms
  3 giant cockroaches
  8 goblins
  7 hobgoblins
  13 jackals
  6 kobolds
  2 quokkas
  9 bats
  2 frilled lizards
  8 rats
95 creatures vanquished.

Notes
Turn   | Place    | Note
-------+----------+-------------------------------------------
     0 | D:1      | Ivernyr the Formicid Fighter began the quest for the Orb.
     0 | D:1      | Reached XP level 1. HP: 18/18 MP: 1/1
    48 | D:1      | Reached XP level 2. HP: 17/24 MP: 2/2
   420 | D:1      | Reached XP level 3. HP: 28/29 MP: 3/3
   747 | D:2      | Found Rirat's Magic Scroll Shop.
   799 | D:2      | Found a glowing golden altar of the Shining One.
  1011 | D:2      | Reached XP level 4. HP: 37/37 MP: 4/4
  1508 | D:3      | Reached XP level 5. HP: 42/42 MP: 5/5
  1860 | D:4      | Reached skill level 5 in Shields
  1874 | D:4      | Noticed a black bear
  1894 | D:4      | Killed a black bear
  1895 | D:4      | Reached XP level 6. HP: 35/49 MP: 6/6
  1990 | D:4      | Found an ancient bone altar of Kikubaaqudgha.
  2298 | D:5      | Entered Level 5 of the Dungeon
  2372 | D:5      | Noticed an ice beast
  2403 | D:4      | Killed an ice beast
  2404 | D:4      | Reached XP level 7. HP: 21/55 MP: 7/7
  2545 | D:5      | Noticed Ijyb
  2553 | D:5      | Killed Ijyb
  2578 | D:5      | Found a blossoming altar of Fedhas.
  2635 | D:5      | Reached skill level 5 in Staves
  2764 | D:5      | Found a burning altar of Makhleb.
  2863 | D:5      | Noticed Sigmund
  2878 | D:5      | Killed Sigmund
  2879 | D:5      | Reached skill level 5 in Fighting
  2879 | D:5      | Reached skill level 5 in Armour
  2879 | D:5      | Reached skill level 6 in Shields
  3083 | D:5      | Reached XP level 8. HP: 50/62 MP: 8/8
  3407 | D:6      | Found an opulent altar of Gozag.
  3433 | D:6      | Noticed a cyclops
  3443 | D:6      | Slain by a cyclops

Illustrated notes

Levels and vault maps discovered:
D:1:      minmay_arrival_cross, layout_loops_ring
D:2:      layout_loops_cross, basic_altar, serial_shops, shop
D:3:      layout_rooms
D:4:      layout_rooms, kiku_gazebo_garden_becter
D:5:      layout_cave_pools, nicolae_overflow_crystal_walls,
          mainiacjoe_overflow_24_doors, kennysheep_small_square, uniq_sigmund,
          uniq_ijyb
D:6:      layout_basic, mainiacjoe_overflow_concentric_impassable,
          vehumet_altar_wand_db, grunt_qazlal_clouds,
          minmay_temple_entry_poolview, chequers_ossuary_entry_cave,
          eino_small_chamber_without_monster, minmay_quadrilaterals

Skill      XL: |  1  2  3  4  5  6  7 |
---------------+----------------------+-----
Staves         | 3 4 5 |  5.8
Fighting       | 4 5 |  5.3
Armour         | 4 5 |  5.3
Shields        | 5 6 |  6.5

Action                     |  1- 3 |  4- 6 |  7- 9 || total
---------------------------+-------+-------+-------++-------
  Melee: Quarterstaff      |   113 |   145 |   100 ||   358
    Use: Potion            |       |     1 |       ||     1
 Armour: Scale mail        |    16 |       |       ||    16
         Ring mail         |    34 |    72 |    45 ||   151
  Dodge: Dodged            |    68 |    70 |    47 ||   185
  Block: Buckler           |    32 |    33 |    18 ||    83
